Selects Australian Defense Battlegroup
Selects Australian Light Infantry Section
Australian Light Infantry Section
Australian Light Infantry Section
Construct Section Command Post
Construct Platoon Command Post
Selects Defensive Tactics
Unlock M3 Stuart Light Tanks
6-pounder Anti-tank Gun Team
Selects CMP 15cwt Supply Run
Selects Artillery Trip Wire Flares
Selects CMP 15cwt Supply Run
Selects Reinforced Resource Caches
Construct Company Command Post
Selects Charged Creeping Barrage
Selects Vehicle Over Repair